 Dungeon Crawl Stone Soup version 0.27-a0-1006-g1fd4cec11e (webtiles) character file.

Game seed: 3979221494227762538

2037 siradein the Cruncher (level 9, -5/61 HPs)
             Began as a Demonspawn Gladiator on Apr 18, 2021.
             Slain by Maggie
             ... wielding a +2 morningstar of pain
              (13 damage)
             ... on level 6 of the Dungeon.
             The game lasted 00:13:34 (6593 turns).

siradein the Cruncher (Demonspawn Gladiator)        Turns: 6593, Time: 00:13:34

Health: -5/61      AC: 15    Str: 17    XL:     9   Next: 4%
Magic:  9/9        EV:  7    Int: 16    God:
Gold:   268        SH:  0    Dex: 15    Spells: 8/8 levels left

rFire    . . .     SeeInvis +   E - +3 trident
rCold    . . .     Faith    .   (no shield)
rNeg     . . .     Spirit   .   k - +4 chain mail {Will+}
rPois    .         Reflect  .   u - -1 helmet of Zuoguder {Rampage Regen+ SInv}
rElec    .         Harm     .   (no cloak)
rCorr    .         Rampage  +   (no gloves)
Will     +....                  (no boots)
Stlth    ..........             F - amulet of magic regeneration
HPRegen  1.20/turn              y - +6 ring of intelligence
MPRegen  0.36/turn              (no ring)

@: attractive
A: claws 2, slimy green scales 2, demonic magic 1
a: no special abilities


You were on level 6 of the Dungeon.
You visited 2 branches of the dungeon, and saw 7 of its levels.

You collected 268 gold pieces.

Inventory:

Hand Weapons
 a - a +0 quarterstaff
 l - a +0 scythe
 D - a +0 halberd
 E - a +3 trident (weapon)
Missiles
 d - 3 throwing nets (quivered)
 x - 11 boomerangs
 C - 8 atropa-tipped darts
Armour
 k - a +4 chain mail of willpower (worn)
 u - the -1 helmet of Zuoguder (worn) {Rampage Regen+ SInv}
   (You took it off Robin on level 4 of the Dungeon)

   It lets you see invisible.
   It increases your rate of health regeneration.
   It bestows one free step when moving towards enemies.
Jewellery
 y - a +6 ring of intelligence (left claw)
 F - an amulet of magic regeneration (around neck)
Wands
 c - a wand of flame (28)
 r - a wand of iceblast (6)
Scrolls
 b - a scroll of amnesia {unknown}
 e - a scroll of immolation {unknown}
 i - 2 scrolls of holy word {unknown}
 j - 2 scrolls of enchant weapon {unknown}
 m - 3 scrolls of silence {unknown}
 o - 3 scrolls of identify {unknown}
 q - a scroll of teleportation {unknown}
 s - a scroll of acquirement {unknown}
 w - 2 scrolls of blinking {unknown}
Potions
 f - a potion of heal wounds {unknown}
 g - 2 potions of flight {unknown}
 h - a potion of ambrosia {unknown}
 n - a potion of brilliance {unknown}
 p - 2 potions of might {unknown}
 t - a potion of lignification {unknown}
 v - a potion of attraction
 z - a potion of experience {unknown}
 A - a potion of curing {unknown}
 B - a potion of resistance {unknown}
 G - a potion of haste


   Skills:
 - Level 2.0 Fighting
 + Level 11.1 Staves
 - Level 1.7 Throwing
 - Level 2.6 Dodging


You had 8 spell levels left.
You didn't know any spells.
Your spell library was empty.

Dungeon Overview and Level Annotations

Branches:
Dungeon (6/15)             Temple (1/1) D:6

Altars:
Ashenzari
Cheibriados
Dithmenos
Elyvilon
Gozag
Kikubaaqudgha
Nemelex Xobeh
Okawaru
Qazlal
Sif Muna
Vehumet
Xom
Yredelemnul
Zin
The Shining One

Annotations:
D:6 Maggie


Innate Abilities, Weirdness & Mutations

You have very sharp fingernails.
You are mostly covered in slimy green scales. (AC +3)
Spells you cast may paralyse adjacent enemies.


Message History

Maggie is lightly wounded.
Maggie says, "Have you seen any dragons?"
Maggie hits you with a +2 morningstar of pain!
You hit Maggie.
Maggie is lightly wounded.
Maggie closely misses you.
You hit Maggie but do no damage.
Maggie is lightly wounded.
Maggie hits you with a +2 morningstar of pain.
You hit Maggie.
Maggie is moderately wounded.
You hit Maggie but do no damage.
Maggie is moderately wounded.
Maggie hits you with a +2 morningstar of pain!
You barely miss Maggie.
Maggie is moderately wounded.
Maggie hits you with a +2 morningstar of pain!
You barely miss Maggie.
Maggie is moderately wounded.
Maggie casts a spell.
Maggie attempts to bespell you! You resist with almost no effort.
You hit Maggie.
Maggie is moderately wounded.
Maggie hits you but does no damage.
You writhe in agony.
You hit Maggie.
Maggie is moderately wounded.
Maggie hits you with a +2 morningstar of pain!
You are too injured to fight recklessly!
You are too injured to fight recklessly!
You are too injured to fight recklessly!
Maggie hits you with a +2 morningstar of pain!
You hit Maggie.
Maggie is moderately wounded.
Maggie points at you and mumbles some strange words.
The bolt of fire hits you!
* * * LOW HITPOINT WARNING * * *
It was a potion of attraction.
You feel attractive to monsters.
Maggie hits you with a +2 morningstar of pain!
You die...

.... # ##.......#### ...# #.#.
#########.......# #..
#....##.........########### ...
............................
#.#######.##.#..####............#
...# #...)# #..."........#
#.#+#### ###.## #............#
###......#####)#####............#
..+......'..†.).@@.+............+
.........#########.#............#
8.8.8....# #.#.......!....#
.⌠.⌠.....#########......@.##..##.
8.>.8.......[...########..# ..#
.⌠.⌠............# ........#
8.8.8...........# #.....##.#
................# #.....# .#
###.............# #...... @#


You could see Maggie.

Vanquished Creatures
  Grinder (D:3)
  Sigmund (D:3)
  Menkaure (D:5)
  2 water moccasins
  2 sky beasts (D:6)
  2 ogres (D:5)
  A phantom (D:6)
  A bullfrog (D:5)
  2 scorpions
  A centaur zombie (D:5)
  2 orc priests (D:2)
  A centaur skeleton (D:6)
  A hound (D:6)
  2 jellies
  Jessica (D:2)
  3 iguanas
  5 orc wizards
  Natasha (thrice) (D:4)
  Terence (D:1)
  2 hound zombies (D:5)
  Robin (D:4)
  4 gnolls (D:5)
  A howler monkey skeleton (D:5)
  5 adders
  A shadow imp (D:5)
  A worm (D:2)
  A dart slug (D:3)
  19 orcs
  3 bats
  9 endoplasms
  3 giant cockroaches
  10 goblins
  8 hobgoblins
  4 jackals
  2 kobolds (D:1)
  A quokka (D:3)
  6 ball pythons
  3 frilled lizards
  6 rats
123 creatures vanquished.

Notes
Turn   | Place    | Note
-------+----------+-------------------------------------------
     0 | D:1      | siradein the Demonspawn Gladiator began the quest for the
                  | Orb.
     0 | D:1      | Reached XP level 1. HP: 16/16 MP: 1/1
    73 | D:1      | Reached skill level 3 in Staves
   153 | D:1      | Gained mutation: You have sharp fingernails. [demonic
                  | ancestry]
   153 | D:1      | Reached XP level 2. HP: 22/22 MP: 2/2
   493 | D:2      | Noticed Terence
  1269 | D:2      | Found a faded altar of an unknown god.
  1301 | D:2      | Noticed Jessica
  1304 | D:2      | Killed Jessica
  1305 | D:2      | Reached skill level 4 in Staves
  1305 | D:2      | Gained mutation: You are partially covered in slimy green
                  | scales. (AC +2) [demonic ancestry]
  1305 | D:2      | Reached XP level 3. HP: 23/27 MP: 3/3
  1715 | D:2      | Gained mutation: Spells you cast may paralyse adjacent
                  | enemies. [demonic ancestry]
  1715 | D:2      | Reached XP level 4. HP: 32/33 MP: 4/4
  2370 | D:3      | Noticed Sigmund
  2420 | D:1      | Killed Terence
  3004 | D:2      | Reached skill level 5 in Staves
  3004 | D:2      | Reached XP level 5. HP: 38/38 MP: 5/5
  3328 | D:3      | Killed Sigmund
  3329 | D:3      | Reached skill level 6 in Staves
  3329 | D:3      | Gained mutation: You have very sharp fingernails. [demonic
                  | ancestry]
  3329 | D:3      | Reached XP level 6. HP: 18/44 MP: 6/6
  4242 | D:4      | Noticed Grinder
  4722 | D:3      | Killed Grinder
  4723 | D:3      | Reached skill level 7 in Staves
  4723 | D:3      | Reached XP level 7. HP: 40/50 MP: 7/7
  4978 | D:4      | Reached skill level 8 in Staves
  5038 | D:4      | Identified the -1 helmet of Zuoguder {Rampage Regen+ SInv}
  5038 | D:4      | Noticed Robin
  5071 | D:4      | Killed Robin
  5207 | D:4      | Noticed Natasha
  5213 | D:4      | Killed Natasha
  5276 | D:4      | Noticed Natasha
  5283 | D:4      | Killed Natasha
  5356 | D:4      | Noticed Natasha
  5369 | D:4      | Killed Natasha
  5475 | D:5      | Entered Level 5 of the Dungeon
  5492 | D:5      | Reached skill level 9 in Staves
  5492 | D:5      | Gained mutation: You are mostly covered in slimy green
                  | scales. (AC +3) [demonic ancestry]
  5492 | D:5      | Reached XP level 8. HP: 56/56 MP: 8/8
  5801 | D:5      | Found an iron altar of Okawaru.
  5838 | D:5      | Found a stormy altar of Qazlal.
  6026 | D:5      | Found a shimmering blue altar of Sif Muna.
  6031 | D:5      | Reached skill level 10 in Staves
  6039 | D:5      | Found an ancient bone altar of Kikubaaqudgha.
  6062 | D:5      | Found a radiant altar of Vehumet.
  6218 | D:6      | Noticed Menkaure
  6254 | D:5      | Killed Menkaure
  6312 | D:6      | Found a staircase to the Ecumenical Temple.
  6333 | Temple   | Entered the Ecumenical Temple
  6485 | D:6      | Reached skill level 11 in Staves
  6485 | D:6      | Reached XP level 9. HP: 49/61 MP: 9/9
  6563 | D:6      | Noticed Maggie
  6593 | D:6      | Slain by Maggie

Illustrated notes

Levels and vault maps discovered:
D:1:      dpeg_arrival_stone_temple_mockup, layout_rooms, minmay_tripent
D:2:      layout_basic, serial_glass, glass_columns_a, glass_columns_a,
          shapermc_ecumenical_altar_gd, uniq_terence, uniq_jessica
D:3:      layout_rooms, minmay_puff, uniq_sigmund
D:4:      layout_rooms, uniq_natasha, uniq_robin, uniq_grinder
D:5:      layout_rooms, palyth_temple_overflow_mages,
          lemuel_coloured_pillars_altar, lemuel_doored_altar
D:6:      layout_basic, minmay_temple_entry_statues_fountains, uniq_maggie,
          uniq_menkaure
Temple:   eino_wide_crystal_templ

Skill      XL: |  1  2  3  4  5  6  7  8 |
---------------+-------------------------+-----
Staves         | 3 4 5 6 7 9 11 | 11.1
Fighting       | |  2.0
Throwing       | |  1.7
Dodging        | |  2.6

Action                   |  1- 3 |  4- 6 |  7- 9 || total
-------------------------+-------+-------+-------++-------
Melee: Quarterstaff      |    70 |   118 |   181 ||   369
       Scythe            |       |    32 |       ||    32
       Trident           |       |       |   113 ||   113
       Halberd           |       |       |    12 ||    12
  Use: Potion            |       |       |     1 ||     1
 Stab: Sleeping          |     1 |       |       ||     1
Armor: Leather armour    |    18 |     5 |       ||    23
       Chain mail        |       |    62 |   179 ||   241
Dodge: Dodged            |    49 |    42 |    99 ||   190

Table legend: (Time is in decaauts)
 A = Elapsed time spent in this place.
 B = Non-inter-level travel time spent in this place.
 C = Inter-level travel time spent in this place.
 D = Time resting spent in this place.
 E = Time spent auto-exploring this place.
 F = Levels seen in this place.
 G = Mean time per level.
                   A        B        C        D        E       F      G
               +--------+--------+--------+--------+--------+-----+--------+
         Total |   6621 |   6433 |    188 |    789 |   4042 |   7 |  945.9 |
       Dungeon |   6527 |   6339 |    188 |    789 |   3992 |   6 | 1087.8 |
        Temple |     94 |     94 |      0 |      0 |     50 |   1 |   94.0 |
               +--------+--------+--------+--------+--------+-----+--------+

Top non-repeatable levels by time:
     D:2: 2178 daAuts
     D:3: 1540 daAuts
     D:1: 1017 daAuts
     D:4: 779 daAuts
     D:5: 775 daAuts
     D:6: 236 daAuts
  Temple: 94 daAuts
